 Dungeon Crawl Stone Soup version 0.32-a0-576-g706899e69d (webtiles) character file.

Game seed: 5564101295827267541

1251 Dittersdorf the Shield-Bearer (level 8, -10/51 HPs)
             Began as a Gargoyle Fighter on Mar 1, 2024.
             Was an Initiate of Gozag.
             Mangled by an ice beast (11 damage)
             ... on level 6 of the Dungeon.
             The game lasted 00:07:09 (5084 turns).

Dittersdorf the Shield-Bearer (Gargoyle Fighter)    Turns: 5084, Time: 00:07:09

Health: -10/51     AC: 21    Str: 22    XL:     8   Next: 51%
Magic:  8/8        EV:  8    Int:  9    God:    Gozag
Gold:   1890       SH:  5    Dex:  9    Spells: 7/7 levels left

rFire   + . .        e - +5 flail (heavy)
rCold   . . .        c - +0 buckler
rNeg    + . .        v - +1 chain mail
rPois   ∞            h - +0 helmet
rElec   +            t - +0 cloak
rCorr   +            (no gloves)
SInv    .            w - +1 pair of boots of Awe {rF+ rCorr}
Will    .....        (no amulet)
Stlth   x              - ring of resist corrosion
HPRegen 0.28/turn    (no ring)
MPRegen 0.11/turn

%: no passive effects
@: gold aura
A: sickness immunity, AC +5, negative energy resistance 1, electricity
resistance, torment resistance 1, petrification resistance
a: Renounce Religion, Potion Petition, Call Merchant, Bribe Branch


You were on level 6 of the Dungeon.
You worshipped Gozag.
Gozag was most pleased with you.
You visited 1 branch of the dungeon, and saw 6 of its levels.
You also visited: Ossuary.

You collected 1941 gold pieces.
You paid 51 gold pieces to Gozag.

Inventory:

Hand Weapons
 e - a +5 heavy flail (weapon)
Armour
 c - a +0 buckler (worn)
 h - a +0 helmet (worn)
 t - a +0 cloak (worn)
 v - a +1 chain mail (worn)
 w - the +1 pair of boots of Awe (worn) {rF+ rCorr}
   (You found it on level 5 of the Dungeon)

   rF+:       It protects you from fire.
   rCorr:     It protects you from acid and corrosion.
Jewellery
 k - a ring of fire
 l - a ring of fire
 x - a ring of resist corrosion (left hand)
Wands
 n - a wand of iceblast (7)
Scrolls
 a - a scroll of silence
 b - 2 scrolls of teleportation
 i - 2 scrolls of fog
 u - a scroll of revelation
Potions
 d - a potion of might
 f - a potion of haste
 g - 2 potions of ambrosia {unknown}
 m - a potion of magic
 o - a potion of brilliance
 p - 3 potions of heal wounds
 q - a potion of enlightenment
 r - 5 potions of resistance
 s - 3 potions of curing


   Skills:
 + Level 6.3 Fighting
 + Level 5.2 Maces & Flails
 + Level 6.3 Armour
 + Level 6.4 Shields


You had 7 spell levels left.
You didn't know any spells.
Your spell library contained the following spells:

 Spells                   Type           Power      Damage    Failure   Level
 Summon Small Mammal      Summ           0%         N/A       95%         1
 Call Canine Familiar     Summ           0%         N/A       100%        3
 Hailstorm                Conj/Ice       0%         3d5       100%        3
 Summon Ice Beast         Ice/Summ       0%         N/A       100%        3
 Summon Blazeheart Golem  Fire/Summ      0%         N/A       100%        4
 Sculpt Simulacrum        Ice/Alch       0%         N/A       100%        6


Dungeon Overview and Level Annotations

Branches:
Dungeon (6/15)             Temple (0/1) D:5         Ossuary (visited)

Altars:
Gozag
Qazlal
The Shining One


Innate Abilities, Weirdness & Mutations

You are immune to sickness and miasma.
Your stone body is resilient. (AC +5)
You are immune to poison.
You resist negative energy. (rN+)
You are resistant to electric shocks. (rElec)
You are resistant to unholy torment.
You are immune to petrification.


Message History

You are too injured to fight recklessly!
You are too injured to fight recklessly!
You are too injured to fight recklessly!
You are too injured to fight recklessly!
You are too injured to fight recklessly!
You are too injured to fight recklessly!
You are too injured to fight recklessly!
You are too injured to fight recklessly!
You are too injured to fight recklessly!
You are too injured to fight recklessly!
You are too injured to fight recklessly!
You are too injured to fight recklessly!
You are too injured to fight recklessly!
You are too injured to fight recklessly!
You are too injured to fight recklessly!
You are too injured to fight recklessly!
You are too injured to fight recklessly!
You are too injured to fight recklessly!
You are too injured to fight recklessly!
You are too injured to fight recklessly!
You are too injured to fight recklessly!
You closely miss the centaur.
The centaur is severely wounded.
The centaur hits you with a +0 trident!
* * * LOW HITPOINT WARNING * * *
You block the centaur's attack. The centaur barely misses you.
The centaur misses you.
The scorpion stings you but does no damage.
The ice beast hits you but does no damage.
The centaur hits you with a +0 trident!
* * * LOW HITPOINT WARNING * * *
The centaur kicks you but does no damage.
The scorpion barely misses you.
You sock the centaur!
You kill the centaur!
The ice beast hits you.
* * * LOW HITPOINT WARNING * * *
The ice beast freezes you!
You die...
Your body crumbles into a pile of gold.

#.. ..##..
......##
!.....## #######
.......##.......
##.....#.......
#.......s......
#.....@$......
##...##Y......
########.##
.......
.........#
.......
########.#
###.###
#.######.#
#######......# #
........####.#
.######## #.#


You could see an ice beast and a scorpion.

Vanquished Creatures
  Edmund (D:4)
  A water moccasin (D:6)
  A black bear (D:6)
  A phantom (D:5)
  A centaur (D:6)
  3 elf zombies (Ossuary)
  A scorpion (D:4)
  2 centaur zombies (Ossuary)
  A hound (D:4)
  An iguana (D:4)
  An orc wizard (D:4)
  A sleepcap (D:5)
  7 hound zombies (Ossuary)
  2 mummies (Ossuary)
  7 gnolls
  7 adders
  A ribbon worm zombie (D:4)
  A shadow imp (D:5)
  5 adder zombies (Ossuary)
  2 dart slugs
  13 orcs
  9 endoplasms
  6 giant cockroaches
  4 gnoll zombies (Ossuary)
  10 goblins
  9 hobgoblins
  9 kobolds
  8 quokkas
  10 ball pythons
  6 bats
  2 frilled lizards
  6 jackal zombies
  A kobold zombie (Ossuary)
  9 orc zombies (Ossuary)
  6 rats
155 creatures vanquished.

Notes
Turn   | Place    | Note
-------+----------+-------------------------------------------
     0 | D:1      | Dittersdorf the Gargoyle Fighter began the quest for the
                  | Orb.
     0 | D:1      | Reached XP level 1. HP: 14/14 MP: 1/1
   142 | D:1      | Reached XP level 2. HP: 19/19 MP: 2/2
   297 | D:1      | Reached XP level 3. HP: 23/23 MP: 3/3
   853 | D:2      | Reached XP level 4. HP: 26/29 MP: 4/4
   905 | D:2      | Found a faded altar of an unknown god.
  1495 | D:3      | Found an opulent altar of Gozag.
  1503 | D:3      | Became a worshipper of Gozag Ym Sagoz the Greedy
  1587 | D:3      | Found a stormy altar of Qazlal.
  1590 | D:3      | Noticed a fire elemental
  1591 | D:3      | Noticed an earth elemental
  1591 | D:3      | Noticed a water elemental
  1591 | D:3      | Noticed an air elemental
  1640 | D:3      | You fall into a shaft and drop 2 floors!
  1640 | D:5      | Entered Level 5 of the Dungeon
  1729 | D:5      | Noticed a phantom
  1746 | D:5      | Killed a phantom
  1747 | D:5      | Reached XP level 5. HP: 23/34 MP: 5/5
  1919 | D:4      | Identified a scroll of acquirement
  1919 | D:4      | Acquired 1020 gold pieces
  1944 | D:4      | Reached XP level 6. HP: 32/39 MP: 6/6
  1967 | D:4      | Found a sand-covered staircase.
  1997 | Ossuary  | Entered an ossuary
  2196 | Ossuary  | Reached skill level 5 in Shields
  2272 | Ossuary  | Reached skill level 5 in Fighting
  2272 | Ossuary  | Reached skill level 5 in Armour
  2280 | Ossuary  | Reached XP level 7. HP: 44/44 MP: 7/7
  2741 | D:4      | Noticed Edmund
  2752 | D:4      | Killed Edmund
  2753 | D:4      | Reached XP level 8. HP: 10/51 MP: 8/8
  4409 | D:5      | Reached skill level 5 in Maces & Flails
  4602 | D:5      | Identified the +1 pair of boots of Awe {rF+ rCorr}
  4635 | D:5      | Found a staircase to the Ecumenical Temple.
  4964 | D:6      | Found a glowing golden altar of the Shining One.
  5084 | D:6      | HP: 1/51 [ice beast (2)]
  5084 | D:6      | Mangled by an ice beast

Illustrated notes

Levels and vault maps discovered:
D:1:      mainiacjoe_arrival_oval_in_oval, layout_loops_ring,
          serial_park_tiny_2, minmay_tripent
D:2:      layout_rooms, nicolae_ecumenical_oubliette
D:3:      layout_basic, nicolae_qazlal_style_of_elements,
          grunt_gozag_breadcrumbs
D:4:      layout_gridville, enter_ossuary_3, uniq_edmund
D:5:      layout_gridville, minmay_temple_entry_mini_moons, serial_park_tiny_1,
          nrook_mini_backslash
D:6:      layout_loops_ring, mainiacjoe_overflow_six_doors_small,
          eino_small_chamber_without_monster, glass_columns_a

Skill      XL: |  1  2  3  4  5  6  7  8 |
---------------+-------------------------+-----
Shields        | 4 5 6 |  6.4
Fighting       | 4 5 6 |  6.3
Armour         | 4 5 6 |  6.3
Maces & Flails | 3 4 5 |  5.2

Action                     |  1- 3 |  4- 6 |  7- 9 || total
---------------------------+-------+-------+-------++-------
  Melee: Flail             |   107 |   246 |   226 ||   579
    Use: Scroll            |       |     9 |     9 ||    18
         Potion            |       |       |     1 ||     1
 Armour: Scale mail        |    95 |    42 |       ||   137
         Chain mail        |       |   240 |   321 ||   561
  Dodge: Dodged            |    69 |   153 |   163 ||   385
  Block: Buckler           |    25 |    81 |    85 ||   191

Table legend: (Time is in decaauts)
 A = Elapsed time spent in this place.
 B = Non-inter-level travel time spent in this place.
 C = Inter-level travel time spent in this place.
 D = Time resting spent in this place.
 E = Time spent auto-exploring this place.
 F = Levels seen in this place.
 G = Mean time per level.
                   A        B        C        D        E       F      G
               +--------+--------+--------+--------+--------+-----+--------+
         Total |   5297 |   5030 |    267 |    619 |   2750 |   7 |  756.7 |
       Dungeon |   4709 |   4442 |    267 |    553 |   2551 |   6 |  784.8 |
       Ossuary |    587 |    587 |      0 |     66 |    199 |   1 |  587.0 |
               +--------+--------+--------+--------+--------+-----+--------+

Top non-repeatable levels by time:
     D:4: 1337 daAuts
     D:1: 884 daAuts
     D:5: 878 daAuts
     D:3: 847 daAuts
     D:2: 616 daAuts
 Ossuary: 587 daAuts
     D:6: 144 daAuts
